[Event "WYCC U16 Girls 2019"]
[Site "Mumbai"]
[Date "2019.10.11"]
[Round "10.4"]
[White "Mahdian, Anousha"]
[Black "Loskutova, Viktoriya"]
[Result "1/2-1/2"]
[ECO "E20"]
[WhiteElo "2103"]
[BlackElo "2149"]
[Annotator "NA"]
[PlyCount "94"]
[EventDate "2019.10.02"]
[EventType "swiss"]
[EventCountry "IND"]
[SourceTitle "playchess.com"]
[Source "ChessBase"]
[SourceQuality "1"]
[TimeControl "5400+30"]

1. d4 Nf6 2. c4 e6 3. Nc3 Bb4 4. g3 d5 5. Bg2 O-O 6. Nf3 dxc4 7. O-O Nc6 8. Qa4 Nd5 9. Qc2 Be7 10. Rd1 Rb8 11. e4 Ncb4 12. Qd2 Nxc3 13. Qxc3 b5 14. b3 Bb7 15. a3 Nd3 16. bxc4 bxc4 17. Qxc4 Nxc1 18. Rdxc1 Bxe4 19. Ne5 Bxg2 20. Kxg2 Rb6 21. Qxc7 Qd5+ 22. Kg1 Rb7 23. Qc6 Qxc6 24. Rxc6 Rd8 25. Rc4 Kf8 26. a4 Bd6 27. Rac1 Bxe5 28. dxe5 Ke7 29. f4 Rd5 30. Rc8 Rd8 31. R8c5 Rbd7 32. Ra5 Rb8 33. Rc2 Rbd8 34. Kf2 Rd2+ 35. Rxd2 Rxd2+ 36. Ke3 Rd7 37. Rb5 h5 38. Rb8 g6 39. h3 Rc7 40. Kd4 Kd7 41. g4 hxg4 42. hxg4 Ke7 43. a5 Kd7 44. Rb2 Kc6 45. Rc2+ Kb7 46. Rxc7+ Kxc7 47. Kc5 Kd7 1/2-1/2

[Event "WYCC U16 Girls 2019"]
[Site "Mumbai"]
[Date "2019.10.11"]
[Round "10.5"]
[White "Beydullayeva, Govhar"]
[Black "Ciolacu, Alessia-Mihaela"]
[Result "1-0"]
[ECO "E17"]
[WhiteElo "2289"]
[BlackElo "2095"]
[Annotator "NA"]
[PlyCount "69"]
[EventDate "2019.10.02"]
[EventType "swiss"]
[EventCountry "IND"]
[SourceTitle "playchess.com"]
[Source "ChessBase"]
[SourceQuality "1"]
[TimeControl "5400+30"]

1. d4 Nf6 2. c4 e6 3. Nf3 b6 4. g3 Bb7 5. Bg2 Be7 6. O-O O-O 7. Re1 Na6 $11 8. a3 d5 9. cxd5 exd5 10. Nc3 c5 11. Bf4 Ne4 12. Rc1 Re8 13. dxc5 Bxc5 14. Nd4 Qf6 15. Be3 Nc7 16. b4 Nxc3 17. Rxc3 Bd6 18. Qb3 Be5 19. Rd3 Ne6 20. Nf3 Bc7 21. Nd2 d4 22. Bxb7 dxe3 23. Rxe3 Rab8 24. Bg2 Nd4 25. Rxe8+ Rxe8 26. Qc4 Qe5 27. e3 Ne6 28. Nf3 Qb2 29. Qc6 Rd8 30. Bh3 Bb8 31. Bxe6 fxe6 32. Qxe6+ Kh8 33. Ng5 Qf6 34. Qxf6 gxf6 35. Nf7+ 1-0

[Event "WYCC U16 Girls 2019"]
[Site "Mumbai"]
[Date "2019.10.11"]
[Round "10.6"]
[White "Demchenko, Svitlana"]
[Black "Mrudul Dehankar"]
[Result "1-0"]
[ECO "B03"]
[WhiteElo "1953"]
[BlackElo "2227"]
[Annotator "NA"]
[PlyCount "107"]
[EventDate "2019.10.02"]
[EventType "swiss"]
[EventCountry "IND"]
[SourceTitle "playchess.com"]
[Source "ChessBase"]
[SourceQuality "1"]
[TimeControl "5400+30"]

1. e4 Nf6 2. e5 Nd5 3. d4 d6 4. c4 Nb6 5. exd6 cxd6 6. Nc3 g6 7. Be3 Bg7 8. Rc1 O-O 9. b3 Nc6 10. Be2 Bf5 11. d5 Nb4 12. a3 Na6 13. Nf3 Nc5 14. Nd4 Bd7 15. b4 Nca4 16. Nxa4 Bxa4 17. Qd2 Bd7 18. Bf3 Bc8 19. Bh6 e5 20. dxe6 Bxh6 21. Qxh6 Qf6 22. Qe3 fxe6 23. O-O Qf7 24. Nb5 Rd8 25. Nxa7 Na4 26. Nxc8 Rdxc8 27. Rfe1 Re8 28. Qd4 Qc7 29. Red1 Rad8 30. Rc2 Nb6 31. Rdc1 Nd7 32. Qe4 Rb8 33. Bg4 Nf6 34. Bxe6+ Kg7 35. Qe1 Re7 36. Re2 Rbe8 37. Re3 Qb6 38. Rcc3 Qd4 39. Rcd3 Qb6 40. h3 h5 41. a4 Qc6 42. a5 Qc7 43. Bd5 Re5 44. Rxe5 dxe5 45. Qe3 e4 46. Rd1 Re7 47. Qd4 h4 48. Ra1 Qd6 49. b5 Qb4 50. a6 Rd7 51. a7 Rxd5 52. Qxf6+ Kxf6 53. cxd5 e3 54. fxe3 1-0

[Event "WYCC U16 Girls 2019"]
[Site "Mumbai"]
[Date "2019.10.11"]
[Round "10.7"]
[White "Savitha Shri B"]
[Black "Bommini Mounika Akshaya"]
[Result "0-1"]
[ECO "A05"]
[WhiteElo "1916"]
[BlackElo "2017"]
[Annotator "NA"]
[PlyCount "108"]
[EventDate "2019.10.02"]
[EventType "swiss"]
[EventCountry "IND"]
[SourceTitle "playchess.com"]
[Source "ChessBase"]
[SourceQuality "1"]
[TimeControl "5400+30"]

1. Nf3 Nf6 2. g3 b6 3. Bg2 Bb7 4. O-O e6 5. c4 Be7 6. b3 O-O 7. Bb2 c5 8. e3 d6 9. d4 Nbd7 10. Nbd2 Qc7 11. Qc2 Rac8 12. Rac1 Qb8 13. Qb1 Qa8 14. Qa1 Rfe8 15. Rfe1 Ne4 16. Bh3 Ndf6 17. Nxe4 Nxe4 18. d5 exd5 19. Bxg7 d4 20. Bh6 Bf6 21. Qb1 Nxf2 22. Kxf2 Be4 23. Rc2 Bxf3 24. Rd2 Be4 25. Qd1 dxe3+ 26. Bxe3 Bc3 27. Bh6 Rcd8 28. Re3 Bf6 29. Kg1 Bg6 30. Rf3 Bd4+ 31. Rxd4 cxd4 32. Qxd4 Re5 33. Bg2 Qc8 34. b4 Qe6 35. h4 Re1+ 36. Kh2 Qe5 37. Qg4 Re4 38. Qh3 Qe6 39. Qxe6 fxe6 40. Rf6 Rxc4 41. Rxe6 Bf7 42. Re7 Rxb4 43. Rxa7 Rb2 44. Kh3 Rxa2 45. Rxf7 Kxf7 46. Bd5+ Kg6 47. Be3 Rb2 48. h5+ Kf5 49. Bc4 Ke4 50. Bg5 d5 51. Ba6 Rg8 52. Bf4 b5 53. h6 b4 54. Bb5 b3 0-1

[Event "WYCC U16 Girls 2019"]
[Site "Mumbai"]
[Date "2019.10.11"]
[Round "10.8"]
[White "Dahampriya, H K T Dewnethmie"]
[Black "Srdanovic, Jovana"]
[Result "1/2-1/2"]
[ECO "B31"]
[WhiteElo "1629"]
[BlackElo "2100"]
[Annotator "NA"]
[PlyCount "105"]
[EventDate "2019.10.02"]
[EventType "swiss"]
[EventCountry "IND"]
[SourceTitle "playchess.com"]
[Source "ChessBase"]
[SourceQuality "1"]
[TimeControl "5400+30"]

1. e4 c5 2. Nf3 Nc6 3. Bb5 g6 4. O-O Bg7 5. Re1 Nf6 6. Bxc6 bxc6 7. c4 O-O 8. Nc3 d6 9. d3 e5 10. Bg5 h6 11. Be3 Ng4 12. Bd2 f5 13. h3 Nf6 14. Nh4 Kh7 15. g3 f4 16. Kh2 Ng8 17. Nf3 fxg3+ 18. fxg3 Rb8 19. b3 Rb7 20. Qe2 Rbf7 21. Rf1 Ne7 22. Ng1 d5 23. Rxf7 Rxf7 24. Rf1 Rxf1 25. Qxf1 Be6 26. Qe2 Qd6 27. Na4 Nc8 28. Be3 d4 29. Bc1 Nb6 30. Nb2 Bf6 31. Qe1 Qe7 32. Nf3 Qd7 33. Qd2 Bg7 34. Ng1 Qf7 35. Kg2 Bf8 36. Qf2 Qg7 37. Qf3 Be7 38. Qe2 Bf6 39. Qf2 Qe7 40. Nf3 Qg7 41. Qd2 Bc8 42. Ng1 Bg5 43. Qe1 Bxc1 44. Qxc1 Qe7 45. Nd1 Nd7 46. Nb2 Nb6 47. Nd1 Kg7 48. Nf2 Na8 49. Qa3 Nb6 50. Qc1 Be6 51. Nf3 Bd7 52. Qa3 Bc8 53. Qa5 1/2-1/2

[Event "WYCC U16 Girls 2019"]
[Site "Mumbai"]
[Date "2019.10.11"]
[Round "10.9"]
[White "Lakshmi C"]
[Black "Mehendi Sil"]
[Result "1/2-1/2"]
[ECO "B10"]
[WhiteElo "1859"]
[BlackElo "1812"]
[Annotator "NA"]
[PlyCount "101"]
[EventDate "2019.10.02"]
[EventType "swiss"]
[EventCountry "IND"]
[SourceTitle "playchess.com"]
[Source "ChessBase"]
[SourceQuality "1"]
[TimeControl "5400+30"]

1. e4 c6 2. Nc3 d5 3. Nf3 Nf6 4. exd5 cxd5 5. d4 Bg4 6. Be2 Nc6 7. O-O e6 8. Bf4 Be7 9. Ne5 Bxe2 10. Nxe2 O-O 11. h3 Qb6 12. Rb1 Rac8 13. a3 Nxe5 14. Bxe5 Nd7 15. Bg3 Bd6 16. Kh1 Bxg3 17. Nxg3 Qc7 18. c3 f5 19. f4 Nf6 20. Ne2 Ne4 21. Rf3 Qe7 22. Qe1 Kh8 23. Ng3 Rg8 24. Nxe4 fxe4 25. Rf2 Rcf8 26. Qe3 g5 27. fxg5 Rxf2 28. Qxf2 Qxg5 29. Rf1 Qg3 30. Qf6+ Qg7 31. g4 Qxf6 32. Rxf6 Rg6 33. Rf4 Kg7 34. Kg2 h5 35. Kg3 b5 36. Rf2 hxg4 37. hxg4 a5 38. Rf1 Rf6 39. Re1 Rf3+ 40. Kh4 Rf2 41. a4 Rxb2 42. axb5 Rxb5 43. Ra1 Rb3 44. Rxa5 Rxc3 45. Kg5 Rc7 46. Ra6 Re7 47. Kf4 Kf6 48. g5+ Kg6 49. Kg4 Kf7 50. Kf4 Rb7 51. Ke5 1/2-1/2

[Event "WYCC U16 Girls 2019"]
[Site "Mumbai"]
[Date "2019.10.11"]
[Round "10.10"]
[White "Achaya Vijayan"]
[Black "Maione, Melissa"]
[Result "1-0"]
[ECO "D35"]
[WhiteElo "1585"]
[BlackElo "1912"]
[Annotator "NA"]
[PlyCount "117"]
[EventDate "2019.10.02"]
[EventType "swiss"]
[EventCountry "IND"]
[SourceTitle "playchess.com"]
[Source "ChessBase"]
[SourceQuality "1"]
[TimeControl "5400+30"]

1. d4 d5 2. c4 e6 3. Nc3 Nf6 4. cxd5 exd5 5. Bg5 Be7 6. e3 c6 7. Qc2 O-O 8. Bd3 Nbd7 9. Nge2 Re8 10. O-O Nf8 11. f3 Be6 12. Rae1 Ng6 13. Ng3 Qd7 14. f4 Ne4 15. Bxe7 Nxg3 16. hxg3 Nxe7 17. f5 Bxf5 18. Bxf5 Nxf5 19. Qxf5 Qc7 20. Rf3 g6 21. Qf4 Qe7 22. Qf6 Qf8 23. Ref1 Re7 24. Nd1 Rae8 25. b3 Rd7 26. Qh4 Re4 27. Rf4 Rde7 28. Qg4 Qe8 29. Qf3 R4e6 30. Re1 a6 31. Kf2 Kg7 32. Nb2 h6 33. Nd3 g5 34. Rf5 f6 35. g4 b6 36. Qh3 Re4 37. Rh1 Qg6 38. Re1 a5 39. Qh5 Qxh5 40. gxh5 Rh4 41. Rc1 Re6 42. b4 Rxh5 43. bxa5 bxa5 44. Rc5 Kg6 45. Rf3 Rh1 46. Rxa5 Ra1 47. Ra6 Rb1 48. a4 Rb3 49. Nc5 Rb2+ 50. Kg3 Rd6 51. Rf2 Rb4 52. a5 Rb5 53. Ra2 Rb8 54. Rb6 Ra8 55. a6 h5 56. a7 h4+ 57. Kh2 g4 58. Rb8 Rd8 59. Rxd8 1-0

[Event "WYCC U16 Girls 2019"]
[Site "Mumbai"]
[Date "2019.10.11"]
[Round "10.11"]
[White "Maciulaityte, Barbora"]
[Black "Jain Nityata"]
[Result "0-1"]
[ECO "B12"]
[WhiteElo "1682"]
[BlackElo "2029"]
[Annotator "NA"]
[PlyCount "84"]
[EventDate "2019.10.02"]
[EventType "swiss"]
[EventCountry "IND"]
[SourceTitle "playchess.com"]
[Source "ChessBase"]
[SourceQuality "1"]
[TimeControl "5400+30"]

1. e4 c6 2. d4 d5 3. e5 Bf5 4. Nf3 e6 5. Be2 Ne7 6. O-O Ng6 7. a4 c5 8. c3 Nc6 9. Na3 Rc8 10. Qb3 Qd7 11. Be3 Be7 12. Rfc1 O-O 13. Qd1 Bg4 14. Nc2 Bxf3 15. Bxf3 Na5 16. Ne1 c4 17. Ra2 Nb3 18. Rb1 f6 19. exf6 Bxf6 20. Nc2 Ne7 21. Na1 Nxa1 22. Raxa1 Nc6 23. Qd2 Na5 24. Bd1 Qc6 25. Bc2 e5 26. dxe5 Bxe5 27. Rd1 Rcd8 28. Qe2 Qc7 29. Qh5 g6 30. Qh3 Nc6 31. g3 Qf7 32. f4 d4 33. cxd4 Bxd4 34. Bxd4 Nxd4 35. Qg2 Rfe8 36. Re1 Qf6 37. Be4 Nb3 38. Rad1 Kg7 39. Bd5 Rxe1+ 40. Rxe1 Qd4+ 41. Kh1 Qxd5 42. Re7+ Kf6 0-1

[Event "WYCC U16 Girls 2019"]
[Site "Mumbai"]
[Date "2019.10.11"]
[Round "10.12"]
[White "Lesbekova, Asel"]
[Black "Noshin, Anjum"]
[Result "1/2-1/2"]
[ECO "C44"]
[WhiteElo "2013"]
[BlackElo "1793"]
[Annotator "NA"]
[PlyCount "91"]
[EventDate "2019.10.02"]
[EventType "swiss"]
[EventCountry "IND"]
[SourceTitle "playchess.com"]
[Source "ChessBase"]
[SourceQuality "1"]
[TimeControl "5400+30"]

1. e4 e5 2. Nf3 Nc6 3. d4 exd4 4. Nxd4 Bb4+ 5. c3 Bc5 6. Nxc6 bxc6 7. Bd3 Nf6 8. O-O O-O 9. Bg5 Be7 10. Qc2 h6 11. Bh4 d5 12. Nd2 Nd7 13. Bxe7 Qxe7 14. exd5 cxd5 15. Nf3 Qf6 16. Rfe1 Nc5 17. b4 Ne6 18. Bf5 Ng5 19. Nd4 g6 20. Bd3 Bd7 21. Re3 Rae8 22. Rae1 Re5 23. R3e2 Rxe2 24. Rxe2 Re8 25. Rxe8+ Bxe8 26. Qe2 Bd7 27. Qe3 Kg7 28. Ne2 Bf5 29. h4 Ne6 30. Bxf5 Qxf5 31. Nd4 Qb1+ 32. Kh2 Qxa2 33. Qe5+ Kh7 34. Nxe6 fxe6 35. Qxc7+ Kg8 36. f3 Qf2 37. Qe7 Qe1 38. Qf6 Kh7 39. Qe7+ Kg8 40. Kh3 Qh1+ 41. Kg3 Qe1+ 42. Kg4 Qxc3 43. Qxe6+ Kg7 44. Qe7+ Kg8 45. Qe8+ Kg7 46. Qe7+ 1/2-1/2

[Event "WYCC U16 Girls 2019"]
[Site "Mumbai"]
[Date "2019.10.12"]
[Round "11.1"]
[White "Beydullayeva, Govhar"]
[Black "Nurgali, Nazerke"]
[Result "1-0"]
[ECO "D37"]
[WhiteElo "2289"]
[BlackElo "2194"]
[Annotator "ChessBase"]
[PlyCount "119"]
[EventDate "2019.10.02"]
[EventType "swiss"]
[EventCountry "IND"]
[SourceTitle "playchess.com"]
[Source "ChessBase"]
[SourceQuality "1"]
[TimeControl "5400+30"]

1. d4 d5 2. c4 e6 3. Nf3 Nf6 4. Nc3 Be7 5. Bf4 O-O 6. e3 b6 7. Bd3 Bb7 8. cxd5 exd5 9. O-O c5 10. Ne5 Na6 11. Qf3 Nc7 12. Bf5 Nce8 13. Bg5 g6 14. Bc2 Ng7 15. Ba4 Ne4 16. Bxe7 Qxe7 17. Rfd1 Ng5 18. Qe2 Rac8 19. Nd3 Rfd8 20. Nf4 c4 21. f3 a6 22. a3 N5e6 23. Nxe6 Nxe6 24. Qf2 Qf6 25. Bc2 b5 26. Rd2 Nc7 27. e4 dxe4 28. fxe4 Qxf2+ 29. Kxf2 a5 30. d5 b4 31. Na4 Nb5 32. axb4 axb4 33. Nb6 Rc7 34. e5 c3 35. bxc3 Nxc3 36. d6 Rc5 37. Ra7 Bc6 38. Rc7 b3 39. Bxb3 Ne4+ 40. Ke3 Nxd2 41. Kxd2 Rb8 42. Bxf7+ Kf8 43. d7 Rd8 44. e6 Ke7 45. Ke3 Rc2 46. h4 Rc3+ 47. Kf4 Rc5 48. Nc8+ Kf6 49. Rxc6 Rxc6 50. e7 Rcxc8 51. dxc8=Q Rxc8 52. e8=Q Rxe8 53. Bxe8 Ke7 54. Ba4 Kf6 55. Bc2 Kg7 56. Kg5 h6+ 57. Kf4 Kf6 58. Bd3 Kg7 59. Ke5 Kf7 60. g3 1-0

[Event "WYCC U16 Girls 2019"]
[Site "Mumbai"]
[Date "2019.10.12"]
[Round "11.2"]
[White "Garifullina, Leya"]
[Black "Demchenko, Svitlana"]
[Result "1/2-1/2"]
[ECO "B48"]
[WhiteElo "2330"]
[BlackElo "1953"]
[Annotator "ChessBase"]
[PlyCount "90"]
[EventDate "2019.10.02"]
[EventType "swiss"]
[EventCountry "IND"]
[SourceTitle "playchess.com"]
[Source "ChessBase"]
[SourceQuality "1"]
[TimeControl "5400+30"]

1. e4 c5 2. Nf3 e6 3. d4 cxd4 4. Nxd4 Nc6 5. Nc3 Qc7 6. Be3 a6 7. Qd2 Nf6 8. f4 Bb4 9. Bd3 b5 10. a3 Be7 11. Nxc6 dxc6 12. e5 Ng4 13. Ne4 Nxe3 14. Qxe3 c5 15. Nd6+ Bxd6 16. exd6 Qxd6 17. O-O-O Qc7 18. Be4 Rb8 19. f5 Bb7 20. Bxb7 Rxb7 21. fxe6 O-O 22. Rd7 Qc8 23. Rhd1 fxe6 24. Qxe6+ Kh8 25. Qe7 Rxd7 26. Rxd7 Rg8 27. g4 Qc6 28. g5 Qh1+ 29. Rd1 Qxh2 30. Qxc5 Re8 31. Kb1 Qh5 32. Qd5 Rf8 33. Qd6 Re8 34. Rg1 Qg6 35. Qc5 Kg8 36. Rd1 h6 37. gxh6 Qxh6 38. Rd6 Qh1+ 39. Ka2 Qb7 40. Rc6 Qf7+ 41. b3 Re6 42. Rc7 Qg6 43. Qd5 Kh7 44. Rc3 Qe4 45. Qg5 Re5 1/2-1/2

[Event "WYCC U16 Girls 2019"]
[Site "Mumbai"]
[Date "2019.10.12"]
[Round "11.3"]
[White "Bulatova, Kamaliya"]
[Black "Zhang, Xiao"]
[Result "1/2-1/2"]
[ECO "A45"]
[WhiteElo "2181"]
[BlackElo "2053"]
[Annotator "ChessBase"]
[PlyCount "201"]
[EventDate "2019.10.02"]
[EventType "swiss"]
[EventCountry "IND"]
[SourceTitle "playchess.com"]
[Source "ChessBase"]
[SourceQuality "1"]
[TimeControl "5400+30"]

1. d4 Nf6 2. Bf4 d5 3. e3 c5 4. c3 Nc6 5. Nd2 Bf5 6. Qb3 Qb6 7. dxc5 Qxb3 8. axb3 e5 9. Bg3 Bxc5 10. Ngf3 Bd6 11. Bb5 Nd7 12. O-O Ke7 13. b4 a6 14. Be2 h5 15. Nh4 Kf6 16. Nxf5 Kxf5 17. e4+ dxe4 18. Nxe4 Kxe4 19. Rad1 Rh6 20. Bd3+ Kd5 21. Bf5+ Kc4 22. Bxd7 Bc7 23. f4 h4 24. Bf2 exf4 25. Bg4 Kb3 26. Rd2 Rd8 27. Bd1+ Ka2 28. Rc2 Rhd6 29. Rc1 Kxb2 30. Ba4 Rd2 31. b5 axb5 32. Rb1+ Kxc3 33. Rb3+ Kc4 34. Rc1+ Kd5 35. Rxb5+ Ke6 36. Rxb7 Ne5 37. Rbxc7 h3 38. Re1 Kf6 39. Rf1 hxg2 40. Kxg2 Ng4 41. Kg1 Rxf2 42. Rxf2 Nxf2 43. Kxf2 Rd2+ 44. Kg1 Re2 45. Bb3 Re7 46. Rc5 g5 47. Kf2 Re5 48. Rc6+ Kg7 49. Rc7 Rb5 50. Bxf7 Rb2+ 51. Kg1 Rb1+ 52. Kg2 Rb2+ 53. Kh3 g4+ 54. Kxg4 Rxh2 55. Bd5+ Kf6 56. Bf3 Ke5 57. Rc5+ Kd4 58. Rd5+ Ke3 59. Re5+ Kd4 60. Re4+ Kd3 61. Rxf4 Ra2 62. Bd5 Ra5 63. Be4+ Ke3 64. Bf5 Rc5 65. Rf3+ Ke2 66. Kg3 Re5 67. Rf2+ Ke3 68. Bg4 Rg5 69. Rf3+ Ke4 70. Rf8 Re5 71. Kf2 Ra5 72. Bf3+ Ke5 73. Kg3 Ra6 74. Re8+ Re6 75. Rd8 Rd6 76. Ra8 Rg6+ 77. Kf2 Rb6 78. Be2 Rb3 79. Ra5+ Kf4 80. Ra4+ Ke5 81. Bf3 Rb6 82. Re4+ Kf5 83. Re8 Kf4 84. Be2 Rb3 85. Rf8+ Ke5 86. Ke1 Rb2 87. Rf3 Ke4 88. Ra3 Ke5 89. Kf2 Rb4 90. Ra5+ Kf4 91. Rh5 Rb2 92. Rh4+ Kg5 93. Rd4 Kf5 94. Ke3 Ke5 95. Re4+ Kd5 96. Bc4+ Kc5 97. Kd3 Rh2 98. Re5+ Kd6 99. Rd5+ Kc6 100. Re5 Kd6 101. Ke4 {Kxe5+} 1/2-1/2

[Event "WYCC U16 Girls 2019"]
[Site "Mumbai"]
[Date "2019.10.12"]
[Round "11.4"]
[White "Bommini Mounika Akshaya"]
[Black "Mahdian, Anousha"]
[Result "0-1"]
[ECO "E20"]
[WhiteElo "2017"]
[BlackElo "2103"]
[Annotator "ChessBase"]
[PlyCount "56"]
[EventDate "2019.10.02"]
[EventType "swiss"]
[EventCountry "IND"]
[SourceTitle "playchess.com"]
[Source "ChessBase"]
[SourceQuality "1"]
[TimeControl "5400+30"]

1. d4 Nf6 2. c4 e6 3. Nc3 Bb4 4. f3 c5 5. d5 O-O 6. e4 b5 7. Bg5 d6 8. Qb3 Re8 9. O-O-O bxc4 10. Bxc4 e5 11. Nge2 Nbd7 12. Nb5 Nb6 13. Bd3 Bd7 14. f4 Rb8 15. Rdf1 a6 16. fxe5 Rxe5 17. Bxf6 gxf6 18. Nbc3 Bxc3 19. Nxc3 Na4 20. Qa3 Nxb2 21. Bxa6 f5 22. Rf3 Qg5+ 23. Kc2 Qxg2+ 24. Be2 Ba4+ 25. Nxa4 Qxe2+ 26. Kc1 Nxa4 27. Rg1+ Kh8 28. Rb3 Qc4+ 0-1

[Event "WYCC U16 Girls 2019"]
[Site "Mumbai"]
[Date "2019.10.12"]
[Round "11.5"]
[White "Hajiyeva, Laman"]
[Black "Salonika, Saina"]
[Result "1/2-1/2"]
[ECO "A43"]
[WhiteElo "2038"]
[BlackElo "2051"]
[Annotator "NA"]
[PlyCount "82"]
[EventDate "2019.10.02"]
[EventType "swiss"]
[EventCountry "IND"]
[SourceTitle "playchess.com"]
[Source "ChessBase"]
[SourceQuality "1"]
[TimeControl "5400+30"]

1. d4 c5 2. d5 e6 3. c4 exd5 4. cxd5 d6 5. Nc3 g6 6. e4 a6 7. a4 Bg7 8. f4 Ne7 9. Nf3 Bg4 10. h3 Bxf3 11. Qxf3 f5 12. Bc4 fxe4 13. Nxe4 h6 14. Qg4 Qd7 15. f5 O-O 16. f6 Bxf6 17. Bxh6 Bg7 18. Bxg7 Kxg7 19. Ng5 Qxg4 20. hxg4 Rh8 21. Rf1 Kg8 22. O-O-O Nd7 23. Rde1 Nb6 24. Ba2 Rf8 25. a5 Rxf1 26. Rxf1 Nbc8 27. g3 Rh2 28. Ne6 Kh8 29. Nd8 Rg2 30. Rf3 Rg1+ 31. Kc2 Ra1 32. Ra3 b5 33. axb6 Nxb6 34. Nf7+ Kg7 35. Nxd6 Nbxd5 36. Bxd5 Rxa3 37. bxa3 Nxd5 38. Kd3 Nb6 39. Ne4 Kh6 40. g5+ Kh5 41. Ke3 Kg4 1/2-1/2

[Event "WYCC U16 Girls 2019"]
[Site "Mumbai"]
[Date "2019.10.12"]
[Round "11.6"]
[White "Loskutova, Viktoriya"]
[Black "Achaya Vijayan"]
[Result "1-0"]
[ECO "B33"]
[WhiteElo "2149"]
[BlackElo "1585"]
[Annotator "ChessBase"]
[PlyCount "111"]
[EventDate "2019.10.02"]
[EventType "swiss"]
[EventCountry "IND"]
[SourceTitle "playchess.com"]
[Source "ChessBase"]
[SourceQuality "1"]
[TimeControl "5400+30"]

1. e4 c5 2. Nf3 Nc6 3. d4 cxd4 4. Nxd4 Nf6 5. Nc3 e5 6. Ndb5 d6 7. Bg5 a6 8. Na3 b5 9. Bxf6 gxf6 10. Nd5 f5 11. Bd3 Be6 12. O-O Bg7 13. Qh5 f4 14. c4 bxc4 15. Bxc4 O-O 16. Rac1 Kh8 17. Rfd1 Rg8 18. Nc3 Bf8 19. Bxe6 fxe6 20. Ne2 Rc8 21. Nc4 Be7 22. Rc3 Rg5 23. Qh3 Qf8 24. Nb6 Rc7 25. Rdc1 Nd4 26. Nxd4 Rxc3 27. bxc3 exd4 28. cxd4 Bd8 29. Nc4 f3 30. g3 Qf4 31. Re1 Rg6 32. Re3 Rh6 33. gxf4 Rxh3 34. Nxd6 Bb6 35. Nf7+ Kg7 36. Ng5 Rh4 37. Nxe6+ Kf6 38. Ng5 Bxd4 39. Rxf3 h6 40. Nh3 Rh5 41. e5+ Ke6 42. Kg2 Rf5 43. Ra3 Kd5 44. Rxa6 h5 45. Kf3 Rf8 46. Rd6+ Kc4 47. Ke4 Bc5 48. Rh6 Ra8 49. Rxh5 Rxa2 50. f5 Re2+ 51. Kf4 Bd4 52. f6 Kd5 53. f7 Bc5 54. e6+ Kc6 55. Rxc5+ Kxc5 56. f8=Q+ {[%emt 0:00:00] Kd6 Qf6} 1-0

[Event "WYCC U16 Girls 2019"]
[Site "Mumbai"]
[Date "2019.10.12"]
[Round "11.7"]
[White "Mehendi Sil"]
[Black "Mrudul Dehankar"]
[Result "0-1"]
[ECO "A45"]
[WhiteElo "1812"]
[BlackElo "2227"]
[Annotator "ChessBase"]
[PlyCount "96"]
[EventDate "2019.10.02"]
[EventType "swiss"]
[EventCountry "IND"]
[SourceTitle "playchess.com"]
[Source "ChessBase"]
[SourceQuality "1"]
[TimeControl "5400+30"]

1. d4 Nf6 2. Bf4 b6 3. Nf3 e6 4. c3 Be7 5. e3 Bb7 6. Bd3 d6 7. Qe2 c5 8. Nbd2 Nbd7 9. Nc4 Qc7 10. h3 cxd4 11. cxd4 Nd5 12. Bg3 Nb4 13. O-O Nxd3 14. Qxd3 Nf6 15. Rac1 Qd7 16. Nfd2 O-O 17. Rfe1 Rfc8 18. b3 Ba6 19. Qb1 b5 20. Nb2 Nd5 21. Rxc8+ Rxc8 22. Nd1 Qc7 23. e4 Nb4 24. Ne3 Qc3 25. Nf3 Bb7 26. Nd1 Qc1 27. Qxc1 Rxc1 28. Bf4 Rc8 29. Bd2 Nc2 30. Rf1 Bxe4 31. Ne3 Bxf3 32. gxf3 Nxd4 33. Kg2 Ne2 34. Re1 Nf4+ 35. Kg3 Nd3 36. Rd1 d5 37. Ba5 Bd6+ 38. f4 Nxf4 39. Be1 d4 40. Ng2 Nxg2+ 41. Kxg2 e5 42. Kf3 f5 43. Bd2 Rc2 44. a4 bxa4 45. bxa4 e4+ 46. Kg2 Bc5 47. Rc1 Rxc1 48. Bxc1 Bb4 0-1

[Event "WYCC U16 Girls 2019"]
[Site "Mumbai"]
[Date "2019.10.12"]
[Round "11.8"]
[White "Srdanovic, Jovana"]
[Black "Savitha Shri B"]
[Result "1/2-1/2"]
[ECO "D52"]
[WhiteElo "2100"]
[BlackElo "1916"]
[Annotator "ChessBase"]
[PlyCount "140"]
[EventDate "2019.10.02"]
[EventType "swiss"]
[EventCountry "IND"]
[SourceTitle "playchess.com"]
[Source "ChessBase"]
[SourceQuality "1"]
[TimeControl "5400+30"]

1. d4 d5 2. c4 Nf6 3. Nc3 e6 4. Nf3 c6 5. Bg5 Nbd7 6. e3 Bd6 7. Bd3 a5 8. O-O O-O 9. Qc2 h6 10. Bh4 Be7 11. Rfe1 dxc4 12. Bxc4 b5 13. Bd3 Bb7 14. Rac1 Rc8 15. Bxf6 Nxf6 16. Ne4 Nxe4 17. Bxe4 f5 18. Bd3 c5 19. dxc5 Rxc5 20. Qe2 Bxf3 21. gxf3 b4 22. Rxc5 Bxc5 23. Bc4 Rf6 24. Kh1 Qe8 25. Rg1 Qc6 26. b3 Kh8 27. Qd1 Bb6 28. Bf1 f4 29. Bg2 Qd5 30. Qe2 Qe5 31. e4 Qc5 32. Rd1 Rg6 33. Qd2 Qg5 34. Rg1 Kh7 35. h3 e5 36. Kh2 Bd4 37. Qc2 Qh4 38. Rf1 Rd6 39. Rd1 Qf6 40. Rc1 Qd8 41. Qc8 Qg5 42. Qc2 Qh4 43. Rd1 Qd8 44. Kh1 Qd7 45. Bf1 Rc6 46. Qd2 Qc8 47. Qe2 Rc3 48. Kg2 Qd8 49. Kh2 Qh4 50. Rd2 Rc1 51. Bg2 Rc6 52. Qb5 Rg6 53. Qe2 Qg5 54. Qf1 Qd8 55. Qe2 Rc6 56. Bf1 Rc3 57. Qd1 Qh4 58. Qe2 Qh5 59. Bg2 Qe8 60. Qa6 Rc5 61. Qe2 Qc6 62. Bf1 a4 63. bxa4 Qxa4 64. Qa6 Qe8 65. Bc4 Qc6 66. Qxc6 Rxc6 67. Bb3 Kg6 68. Kg2 Kh5 69. Rc2 Bc3 70. Bd5 Rd6 1/2-1/2

[Event "WYCC U16 Girls 2019"]
[Site "Mumbai"]
[Date "2019.10.12"]
[Round "11.9"]
[White "Ciolacu, Alessia-Mihaela"]
[Black "Al Maamari, Wafia Darwish"]
[Result "1-0"]
[ECO "A45"]
[WhiteElo "2095"]
[BlackElo "1673"]
[Annotator "NA"]
[PlyCount "63"]
[EventDate "2019.10.02"]
[EventType "swiss"]
[EventCountry "IND"]
[SourceTitle "playchess.com"]
[Source "ChessBase"]
[SourceQuality "1"]
[TimeControl "5400+30"]

1. d4 Nf6 2. Bg5 d5 3. e3 c6 4. Bxf6 exf6 5. c4 Bb4+ 6. Nc3 Be6 7. Qb3 Qa5 8. Bd3 dxc4 9. Bxc4 Bxc4 10. Qxc4 Nd7 11. Nge2 Nb6 12. Qd3 O-O 13. O-O Bxc3 14. Nxc3 Nd5 15. Ne4 Qc7 16. Rac1 f5 17. Ng5 g6 18. Rc5 Qe7 19. h4 Rad8 20. g3 Rfe8 21. Rfc1 f6 22. Nh3 Kg7 23. Kh2 Qd6 24. Nf4 Nxf4 25. gxf4 Re4 26. b4 Qe6 27. Ra5 a6 28. Ra3 Qd6 29. Rb3 Rxf4 30. exf4 Qxf4+ 31. Qg3 Qxc1 32. Qc7+ 1-0

[Event "WYCC U16 Girls 2019"]
[Site "Mumbai"]
[Date "2019.10.12"]
[Round "11.10"]
[White "Jain Nityata"]
[Black "Lakshmi C"]
[Result "0-1"]
[ECO "B31"]
[WhiteElo "2029"]
[BlackElo "1859"]
[Annotator "NA"]
[PlyCount "80"]
[EventDate "2019.10.02"]
[EventType "swiss"]
[EventCountry "IND"]
[SourceTitle "playchess.com"]
[Source "ChessBase"]
[SourceQuality "1"]
[TimeControl "5400+30"]

1. e4 c5 2. Nf3 Nc6 3. Bb5 g6 4. Bxc6 dxc6 5. d3 Bg7 6. h3 Nf6 7. Nc3 Nd7 8. Be3 e5 9. Qd2 Qe7 10. Bh6 f6 11. Bxg7 Qxg7 12. O-O g5 13. Qe3 Rg8 14. Nd2 Qe7 15. Nb3 b6 16. a4 a5 17. Ne2 Nf8 18. c3 Be6 19. Nd2 Ng6 20. d4 g4 21. hxg4 Bxg4 22. Ng3 Nf4 23. dxc5 bxc5 24. Nf3 h5 25. Rad1 h4 26. Ne2 h3 27. g3 h2+ 28. Kh1 Nxe2 29. Qxe2 Qh7 30. Rd3 c4 31. Re3 Qh5 32. Rd1 Ke7 33. Kg2 Qh3+ 34. Kh1 Qh5 35. Kg2 Rh8 36. Kh1 Rad8 37. b3 Rxd1+ 38. Qxd1 Rd8 39. Qe2 Rd3 40. bxc4 Rxe3 0-1